 Dungeon Crawl Stone Soup version 0.20-a0-522-g0b37eee (webtiles) character file.

541 KristoblXynda the Chopper (level 7, -3/57 HPs)
             Began as a Green Draconian Berserker on Jan 25, 2017.
             Was a Priest of Trog.
             Slain by an ogre
             ... wielding a +0 giant club
              (25 damage)
             ... on level 4 of the Dungeon.
             The game lasted 00:09:04 (3566 turns).

KristoblXynda the Chopper (DrBe)                    Turns: 3566, Time: 00:09:05

Health: -3/57      AC:  9    Str: 20    XL:     7   Next: 5%
Magic:  7/7        EV: 10    Int:  9    God:    Trog [***...]
Gold:   182        SH:  0    Dex: 10    Spells: 6/6 levels left

rFire    . . .     SeeInvis .   a - +0 hand axe
rCold    . . .     Gourm    .   (armour unavailable)
rNeg     . . .     Faith    .   i - +0 shield
rPois    +         Spirit   .   l - +0 hat
rElec    .         Reflect  .   (no cloak)
rCorr    .         Harm     .   p - +2 pair of gloves
MR       .....                  (no boots)
Stlth    +.........             (no amulet)
Regen    0.2/turn               (no ring)
                                (no ring)

@: confused, exhausted, slowed, very slow
A: breathe noxious fumes, unfitting armour, poison resistance, cold-blooded, AC
+6
a: Breathe Noxious Fumes, Berserk, Trog's Hand, Burn Spellbooks, Renounce
Religion


You were on level 4 of the Dungeon.
You worshipped Trog.
Trog was most pleased with you.
You were not hungry.

You visited 1 branch of the dungeon, and saw 4 of its levels.

You collected 182 gold pieces.

Inventory:

Hand Weapons
 a - a +0 hand axe (weapon)
Missiles
 k - 4 javelins of returning (quivered)
Armour
 i - a +0 shield (worn)
 l - a +0 hat (worn)
 p - a +2 pair of gloves (worn)
Wands
 u - a wand of disintegration (19/24)
Scrolls
 c - a scroll of remove curse
 d - 2 scrolls of recharging
 t - a scroll of magic mapping
Potions
 e - 2 potions of brilliance {unknown}
 f - 4 potions of curing
 h - a potion of flight {unknown}
 m - a potion of ambrosia
 o - a potion of agility {unknown}
 q - a potion of haste {unknown}
 r - 2 potions of invisibility {unknown}
 s - a potion of lignification {unknown}
Comestibles
 b - 5 bread rations
 g - 2 meat rations
 j - 5 chunks of flesh


   Skills:
 - Level 3.2 Fighting
 + Level 5.7 Axes
 - Level 3.3 Dodging
 + Level 3.6 Stealth
 + Level 3.1 Shields


You had 6 spell levels left.
You didn't know any spells.

Dungeon Overview and Level Annotations

Branches:
Dungeon (4/15)
 Temple: D:4-7

Altars:
Kikubaaqudgha
The Shining One

Shops:
D:4 }


Innate Abilities, Weirdness & Mutations

You can breathe blasts of noxious fumes.
Your lurid green scales are hard. (AC +6)
You cannot fit into any form of body armour.
Your system is resistant to poisons. (rPois)
You are cold-blooded and may be slowed by cold attacks.


Message History

You completely miss the ogre.
You tail-slap the ogre, but do no damage.
The worker ant moves out of view.
The ogre hits you with a giant club!
You hit the ogre.
Your tail-slap misses the ogre.
The ogre is lightly wounded.
The ogre hits you with a giant club!!
You're too exhausted to go berserk.
You hit the ogre. You tail-slap the ogre.
The ogre is lightly wounded.
The ogre hits you but does no damage. The ogre hits you with a giant club.
The ogre closely misses you.
Okay, then.
You are confused.
You feel invigorated. The ogre hits you with a giant club!!
* * * LOW HITPOINT WARNING * * *
Unknown command.
The ogre hits you with a giant club!
* * * LOW HITPOINT WARNING * * *
The ogre hits you with a giant club!!
You die...

.#.....###..........#
....
...........#..........
...
..........#..<.......
...
.............∩..........
#....#.#.[.............
#..... ##..)).........#
..... ##.)..........#
#...####.............
#.........@..........
#....#.#.aOs.........
#.....###............
#.##...##Z...##.....#
##...s......#....#
##..#####...... ##..##
..... #....# ##...
.....###sZ...# #..


You could see an ogre, a worker ant, 2 giant cockroaches and a leopard gecko
skeleton.

Vanquished Creatures
  The ghost of HEYYEYAAE the Cudgeler, an amateur TrBe of Trog (D:4)
  A hound (D:4)
  Terence (D:3)
  An orc wizard (D:4)
  A worker ant (D:3)
  Robin (D:3)
  7 adders
  5 oozes
  3 worms
  2 dart slugs
  6 leopard geckos
  10 orcs
  2 ball pythons (D:2)
  3 giant cockroaches
  14 goblins
  14 hobgoblins
  4 jackals (D:2)
  3 quokkas
  4 bats
  6 frilled lizards
  A jackal skeleton (D:4)
  8 kobolds
  8 rats
  A rat zombie (D:4)
107 creatures vanquished.

Notes
Turn   | Place    | Note
-------+----------+-------------------------------------------
     0 | D:1      | KristoblXynda the Draconian Berserker began the quest for the Orb.
     0 | D:1      | Reached XP level 1. HP: 19/19 MP: 1/1
   233 | D:1      | Reached XP level 2. HP: 17/26 MP: 2/2
   634 | D:1      | Reached XP level 3. HP: 22/31 MP: 3/3
  1166 | D:2      | Reached ** piety under Trog
  1309 | D:2      | Reached skill level 4 in Axes
  1309 | D:2      | Reached skill level 1 in Shields
  1553 | D:2      | Reached XP level 4. HP: 37/38 MP: 4/4
  1987 | D:2      | Found a glowing golden altar of the Shining One.
  1993 | D:2      | Reached skill level 1 in Stealth
  2521 | D:3      | Reached XP level 5. HP: 44/45 MP: 5/5
  2607 | D:3      | Noticed Terence
  2617 | D:3      | Killed Terence
  2712 | D:3      | Noticed Robin
  2722 | D:3      | Reached *** piety under Trog
  2744 | D:3      | Killed Robin
  2928 | D:3      | Received a gift from Trog
  2929 | D:3      | Reached skill level 5 in Axes
  3257 | D:4      | Found an ancient bone altar of Kikubaaqudgha.
  3334 | D:4      | Reached XP level 6. HP: 49/51 MP: 6/6
  3376 | D:4      | Found Siegupu's Gadget Shop.
  3518 | D:4      | Noticed HEYYEYAAE's ghost (amateur TrBe)
  3530 | D:4      | Killed HEYYEYAAE's ghost
  3530 | D:4      | Your scales start taking on a lurid green colour.
  3530 | D:4      | Reached XP level 7. HP: 52/57 MP: 7/7
  3530 | D:4      | Gained mutation: Your system is resistant to poisons. (rPois) [Green Draconian growth]
  3566 | D:4      | Slain by an ogre

Vault maps used:
D:1:      minmay_arrival_widening_spiral_narrow, kennysheep_doodads
D:2:      first_bread, tso_metal_star
D:3:      minmay_distorted, uniq_robin, uniq_terence
D:4:      grunt_temple_overflow_gold_and_silver,
          nemelex_xobeh_ov_fountains_minmay, overflow_temple_1_default,
          lemuel_zombie_altar_kikubaaqudgha, serial_shops, shop,
          minmay_ruined_shrine

Skill      XL: |  1  2  3  4  5  6 |
---------------+-------------------+-----
Dodging        | 3 |  3.3
Axes           | 4 5 |  5.7
Shields        | 1 2 3 |  3.1
Stealth        | 1 2 3 |  3.6
Fighting       | |  3.2

Action                   |  1- 3 |  4- 6 |  7- 9 || total
-------------------------+-------+-------+-------++-------
Melee: Hand axe          |   132 |   219 |     3 ||   354
       Tailslap          |    12 |    25 |     2 ||    39
Invok: Berserk           |       |     3 |       ||     3
       Trog's Hand       |       |     1 |       ||     1
  Use: Scroll            |     5 |     5 |       ||    10
       Potion            |       |       |     1 ||     1
 Stab: Sleeping          |     1 |     2 |       ||     3
  Eat: Chunk             |     1 |    10 |     1 ||    12
Armor: Skin              |    40 |    69 |     1 ||   110
Dodge: Dodged            |    82 |    85 |     1 ||   168
Block: Shield            |    43 |    78 |       ||   121
